 Dungeon Crawl Stone Soup version 0.30.1-6-gbe392663c4 (webtiles) character file.

Game seed: 9860975644920544041

21 Ivernyr the Shield-Bearer (level 3, -10/29 HPs)
             Began as a Formicid Fighter on Sept 20, 2023.
             Mangled by Terence
             ... wielding a +6 heavy falchion
              (16 damage)
             ... on level 2 of the Dungeon.
             The game lasted 00:02:00 (910 turns).

Ivernyr the Shield-Bearer (Formicid Fighter)         Turns: 910, Time: 00:02:01

Health: -10/29     AC: 12    Str: 22    XL:     3   Next: 5%
Magic:  3/3        EV:  9    Int:  7    God:
Gold:   28         SH:  5    Dex: 13    Spells: 2/2 levels left

rFire   . . .        a - +0 quarterstaff
rCold   . . .        c - +0 buckler
rNeg    . . .        b - +0 scale mail
rPois   .            (helmet unavailable)
rElec   .            (no cloak)
rCorr   .            (no gloves)
SInv    +            h - +0 pair of boots
Will    .....        (no amulet) Stlth
                     j - +4 ring of protection
HPRegen 0.24/turn    (no ring)
MPRegen 0.08/turn

%: no passive effects
@: no status effects
A: permanent stasis, dig shafts and tunnels, antennae 3, four strong arms
a: Dig, Shaft Self


You were on level 2 of the Dungeon.
You visited 1 branch of the dungeon, and saw 2 of its levels.

You collected 28 gold pieces.

Inventory:

Hand Weapons
 a - a +0 quarterstaff (weapon)
Armour
 b - a +0 scale mail (worn)
 c - a +0 buckler (worn)
 h - a +0 pair of boots (worn)
Jewellery
 j - a +4 ring of protection (left hand)
Scrolls
 f - a scroll of magic mapping {unknown}
 g - a scroll of amnesia {unknown}
 i - a scroll of identify {unknown}
Potions
 d - a potion of might
 e - a potion of ambrosia {unknown}


   Skills:
 + Level 3.5 Fighting
 * Level 2.5 Staves
 + Level 3.5 Armour
 + Level 0.7 Dodging
 - Level 4.0 Shields


You had 2 spell levels left.
You didn't know any spells.
Your spell library was empty.

Dungeon Overview and Level Annotations

Branches:
Dungeon (2/15)

Altars:

Annotations:
D:2 Terence


Innate Abilities, Weirdness & Mutations

You cannot be hasted, slowed, berserked, paralysed or teleported.
You can dig through walls and to a lower floor.
You have a pair of large antennae on your head. (SInv)
Your four strong arms can wield two-handed weapons with a shield.


Message History

Terence shouts!
You sense a monster nearby.
Found 7 gold pieces, a golden ring and a coppery potion.
Found a stone staircase leading up and a stone staircase leading down.
There is a stone staircase leading up here.
Found 11 gold pieces.
A frilled lizard comes into view.
The frilled lizard hisses angrily.
You see here a +4 ring of protection.
j - a +4 ring of protection The frilled lizard barely misses you.
You barely miss the frilled lizard. You block the frilled lizard's attack.
You miss the frilled lizard. The frilled lizard bites you.
You closely miss the frilled lizard. The frilled lizard bites you.
Terence misses you.
You hit the frilled lizard.
You kill the frilled lizard!
Terence hits you with a +6 heavy falchion!!
Ouch! That really hurt!
Found a flail.
Terence screams, "I'm going to kill you!"
There is a stone staircase leading up here.
You climb upwards.
There is a stone staircase leading down here.
You start resting.
HP restored.
j - a +4 ring of protection (left hand)
You climb downwards.
Level annotation: Terence Terence hits you with a +6 heavy falchion!
There is a stone staircase leading up, spattered with blood here.
You hit Terence but do no damage.
Terence hits you with a +6 heavy falchion!
Ouch! That really hurt!
* * * LOW HITPOINT WARNING * * *
You sock Terence!
Terence is moderately wounded.
Terence hits you with a +6 heavy falchion!
Ouch! That really hurt!
You die...

#)...........#
#.....#.# #
#.###.#.# .#
#.#...#.####.##
#.#.##........<
#.#.#........#
#.#...........
#.###..#..####
#.###.@@#.#...
#........$..#
#.........#.#.###
.........#.#.#...
.........###.#
### #.##.>!...
... { #
...#.#.$...#
.#..#.#######
#..#.


You could see Terence.

Vanquished Creatures
  2 bats (D:1)
  An endoplasm (D:1)
  2 giant cockroaches (D:1)
  3 hobgoblins (D:1)
  3 jackals (D:1)
  A quokka (D:1)
  2 ball pythons (D:1)
  4 frilled lizards
  A rat (D:1)
19 creatures vanquished.

Notes
Turn   | Place    | Note
-------+----------+-------------------------------------------
     0 | D:1      | Ivernyr the Formicid Fighter began the quest for the Orb.
     0 | D:1      | Reached XP level 1. HP: 18/18 MP: 1/1
   306 | D:1      | Reached XP level 2. HP: 23/24 MP: 2/2
   496 | D:1      | Reached XP level 3. HP: 29/29 MP: 3/3
   811 | D:2      | Noticed Terence
   910 | D:2      | Mangled by Terence

Illustrated notes

Levels and vault maps discovered:
D:1:      ncdulo_watergridlock, layout_basic
D:2:      layout_basic, serial_shops, nicolae_shop_tiny_real_fake_doors,
          chequers_serial_rivers_micro_c, minmay_pentomino_v4, uniq_terence,
          uniq_natasha

Action                     || total
---------------------------++-------
  Melee: Quarterstaff      ||    53
 Armour: Scale mail        ||    22
  Dodge: Dodged            ||    24
  Block: Buckler           ||    18
